 Dungeon Crawl Stone Soup version 0.31-a0-986-g5e6e4ef867 (webtiles) character file.

Game seed: 16402874250444976521

107 gelatine the Covered (level 4, 0/35 HPs)
             Began as a Demonspawn Fighter on Nov 23, 2023.
             Slain by Crazy Yiuf
             ... wielding a +4 quarterstaff of chaos
              (3 damage)
             ... on level 2 of the Dungeon.
             The game lasted 00:05:11 (2020 turns).

gelatine the Covered (Demonspawn Fighter)           Turns: 2020, Time: 00:05:12

Health: 0/35       AC:  7    Str: 18    XL:     4   Next: 57%
Magic:  4/4        EV: 10    Int: 10    God:
Gold:   61         SH:  5    Dex: 12    Spells: 3/3 levels left

rFire   . . .        a - +0 war axe
rCold   + . .        c - +1 buckler
rNeg    . . .        f - +2 ring mail {rC+}
rPois   .            (helmet restricted)
rElec   .            (no cloak)
rCorr   .            (no gloves)
SInv    .            (no boots)
Will    .....        (no amulet)
Stlth   +            m - ring of flight
HPRegen 0.25/turn    (no ring)
MPRegen 0.09/turn

%: no passive effects
@: flying
A: antennae 1, weakness stinger 1
a: no special abilities


You were on level 2 of the Dungeon.
You visited 1 branch of the dungeon, and saw 2 of its levels.

You collected 105 gold pieces.
You spent 44 gold pieces at shops.

Inventory:

Hand Weapons
 a - a +0 war axe (weapon)
Missiles
 e - 8 stones (quivered)
 i - 6 poisoned darts
Armour
 c - a +1 buckler (worn)
 f - a +2 ring mail of cold resistance (worn)
Jewellery
 m - a ring of flight (left hand)
Scrolls
 h - a scroll of summoning
 k - a scroll of noise
 l - a scroll of vulnerability {unknown}
 p - a scroll of enchant armour
Potions
 d - 2 potions of might
 j - a potion of mutation
 n - 2 potions of resistance {unknown}
 o - a potion of lignification {unknown}


   Skills:
 + Level 3.3 Fighting
 * Level 2.5 Axes
 + Level 3.5 Armour
 * Level 1.3 Dodging
 + Level 3.1 Shields


You had 3 spell levels left.
You didn't know any spells.
Your spell library contained the following spells:

 Spells                   Type           Power      Damage    Failure   Level
 Slow                     Hex            0%         N/A       63%         1
 Confusing Touch          Hex            0%         N/A       94%         3
 Sigil of Binding         Hex            0%         N/A       94%         3
 Vampiric Draining        Necr           0%         2d6       94%         3


Dungeon Overview and Level Annotations

Branches:
Dungeon (2/15)

Altars:
Nemelex Xobeh

Shops:
D:1 *

Annotations:
D:2 Crazy Yiuf


Innate Abilities, Weirdness & Mutations

You have a pair of small antennae on your head.
You have a small tail.


Message History

Found a trident and three hammers.
You see here a +0 trident.
You see here a +0 hammer.
Found a hammer.
Found a runed translucent door.
Crazy Yiuf shouts!
There is a stone staircase leading down here.
You see here a +0 trident.
You see here a +0 hammer.
Crazy Yiuf shouts!
Crazy Yiuf screams, "Iron turtle head!"
Could not explore, unopened runed door.
You drop a +0 scale mail.
The air fills with toxic fumes!
As you read the scroll labelled ZIN QIEG GUALI, it crumbles to dust.
It was a scroll of poison.
You start waiting.
Done waiting.
You see here a +0 trident.
You see here a +0 hammer.
Crazy Yiuf shouts!
Crazy Yiuf says, "Blight tortoise arm!"
You reach down and open the door.
You barely miss Crazy Yiuf.
Crazy Yiuf hits you with a +4 quarterstaff of chaos!
Crazy Yiuf burns you.
Crazy Yiuf hits you with a +4 quarterstaff of chaos!
* * * LOW HITPOINT WARNING * * *
You hit Crazy Yiuf.
Crazy Yiuf is moderately wounded.
You block Crazy Yiuf's attack.
You barely miss Crazy Yiuf.
Crazy Yiuf is moderately wounded.
Crazy Yiuf waves his quarterstaff at you.
You block Crazy Yiuf's attack.
You hit Crazy Yiuf but do no damage.
Crazy Yiuf is moderately wounded.
Crazy Yiuf cries, "You leg down broken song, no?"
You block Crazy Yiuf's attack.
Crazy Yiuf hits you with a +4 quarterstaff of chaos.
You die...

#........#.# #.#
#####........#.# #.#
#...#........#.# #.#
##.#.#...########
### .........#
...[.#.### #######
....)#.### ###
♣♣##.....#
#####)..<# #)..#♣♣
♣♣...))##.#
....'....#
#...g@♣♣♣♣..)...##.#
#####....#
#...#♣..♣..)...###.#
# #....# ###
♣♣♣.♣....## #.# #
###### ♣♣♣♣♣### #.#
# #....# #.# #
#....####### #.# #
#........#.#
##########.# #
#........#.#
#........[.#
#####........#.#
#.############


You could see Crazy Yiuf.

Vanquished Creatures
  5 adders (D:2)
  A worm (D:2)
  3 dart slugs
  4 endoplasms
  A giant cockroach (D:2)
  6 goblins
  5 hobgoblins
  3 jackals (D:1)
  5 kobolds
  4 quokkas
  5 ball pythons
  5 bats
  2 frilled lizards (D:2)
  4 rats (D:1)
53 creatures vanquished.

Notes
Turn   | Place    | Note
-------+----------+-------------------------------------------
     0 | D:1      | gelatine the Demonspawn Fighter began the quest for the
                  | Orb.
     0 | D:1      | Reached XP level 1. HP: 18/18 MP: 1/1
   217 | D:1      | Discovered your monstrous ancestry.
   217 | D:1      | Gained mutation: You have a pair of small antennae on your
                  | head. [demonic ancestry]
   217 | D:1      | Reached XP level 2. HP: 24/24 MP: 2/2
   298 | D:1      | Found Uptawn Zeto's Assorted Antiques.
   368 | D:1      | Bought a scroll labelled DICWUBLEUH for 22 gold pieces
   369 | D:1      | Bought a scroll labelled XEEWALY YMUL for 22 gold pieces
   445 | D:1      | Gained mutation: You have a small tail. [demonic ancestry]
   445 | D:1      | Reached XP level 3. HP: 29/29 MP: 3/3
   983 | D:2      | Reached XP level 4. HP: 31/35 MP: 4/4
  1035 | D:2      | Reached skill level 1 in Dodging
  1355 | D:2      | Found a sparkling altar of Nemelex Xobeh.
  1683 | D:2      | Found a runed translucent door.
  1684 | D:2      | Noticed Crazy Yiuf
  2020 | D:2      | Slain by Crazy Yiuf

Illustrated notes

Levels and vault maps discovered:
D:1:      ebering_hopf_link, layout_loops_ring, serial_aquarium,
          aquarium_bridge_long_joined [aquarium_subvault_bridge,
          aquarium_subvault_window, aquarium_subvault_bridge,
          aquarium_subvault_wall, aquarium_subvault_bridge,
          aquarium_subvault_window], aquarium_bridge_island_small
          [aquarium_subvault_small_water, aquarium_subvault_bridge,
          aquarium_subvault_wall, aquarium_subvault_bridge,
          aquarium_subvault_wall], aquarium_window_1, aquarium_window_fake,
          aquarium_view_2a, aquarium_view_2c, aquarium_balcony_3b, serial_shops,
          shop
D:2:      layout_basic, basic_altar, grunt_ministairs_10,
          uniq_crazy_yiuf_cottage

Skill      XL: |  1  2  3  4 |
---------------+-------------+-----
Shields        | 3 |  3.1
Axes           | 2 |  2.5
Armour         | 3 |  3.5
Dodging        | 1 |  1.3
Fighting       | |  3.3

Action                     |  1- 3 |  4- 6 || total
---------------------------+-------+-------++-------
  Melee: War axe           |    89 |    43 ||   132
         Tailslap          |     1 |     5 ||     6
  Throw: Stone             |       |    28 ||    28
    Use: Scroll            |     5 |     1 ||     6
 Armour: Ring mail         |    75 |    42 ||   117
  Dodge: Dodged            |    57 |    47 ||   104
  Block: Buckler           |    28 |    23 ||    51

Table legend: (Time is in decaauts)
 A = Elapsed time spent in this place.
 B = Non-inter-level travel time spent in this place.
 C = Inter-level travel time spent in this place.
 D = Time resting spent in this place.
 E = Time spent auto-exploring this place.
 F = Levels seen in this place.
 G = Mean time per level.
                   A        B        C        D        E       F      G
               +--------+--------+--------+--------+--------+-----+--------+
         Total |   2080 |   2044 |     36 |    100 |   1495 |   2 | 1040.0 |
       Dungeon |   2080 |   2044 |     36 |    100 |   1495 |   2 | 1040.0 |
               +--------+--------+--------+--------+--------+-----+--------+

Top non-repeatable levels by time:
     D:2: 1191 daAuts
     D:1: 888 daAuts
